Map: Babylon LE

Players

Mik - Winner!

  • Race: Protoss Protoss
  • Spawn Location: 11:00

A.I. 1 (Medium)

  • Race: Zerg Zerg
  • Spawn Location: 5:00

VOD

Have the link to the VOD?

Description

PLEASE DONT LOOK AT THIS THANK YOU VERY MUCH

Time

  • Played on: Feb. 12, 2023, 9:04 a.m.
  • Length: 17:48
Show
View Real Time Build Order
Export as new Build Order

Mik Protoss - Winner!

Build Orders: Carriers 

Get SALT Encoding   

  12  0:01  Probe (Chrono Boost)  
  13  0:15  Pylon  
  13  0:16  Probe (Chrono Boost)  
  14  0:27  Probe  
  15  0:40  Gateway  
  15  0:42  Probe  
  16  0:54  Assimilator  
  16  0:59  Pylon  
  16  1:03  Assimilator  
  16  1:05  Probe  
  17  1:17  Probe (Chrono Boost)  
  18  1:28  Zealot  
  18  1:29  Probe (Chrono Boost)  
  21  1:39  Cybernetics Core  
  21  1:56  Probe  
  22  2:08  Probe  
  23  2:17  Nexus  
  23  2:21  Adept (Chrono Boost)  
  23  2:27  Probe  
  26  2:39  Probe  
  26  2:42  Adept  
  29  3:04  Probe  
  30  3:19  Stargate x2  
  30  3:22  Stargate  
  30  3:25  Pylon  
  30  3:29  Pylon  
  30  3:39  Probe (Chrono Boost)  
  31  3:47  Probe (Chrono Boost)  
  33  3:50  Probe (Chrono Boost)  
  34  3:55  Probe (Chrono Boost)  
  34  3:57  Probe (Chrono Boost)  
  33  4:05  Probe  
  34  4:17  Probe  
  35  4:29  Probe  
  32  4:49  Assimilator  
  32  4:50  Assimilator  
  32  4:51  Stalker (Chrono Boost)  
  34  5:20  Void Ray x2  
  34  5:21  Void Ray  
  46  5:25  Probe (Chrono Boost)  
  47  5:32  Pylon  
  47  5:34  Pylon  
  47  5:35  Probe (Chrono Boost)  
  48  5:40  Probe (Chrono Boost)  
  48  5:42  Forge  
  49  5:44  Pylon  
  49  5:51  Probe  
  50  6:03  Probe, Void Ray x2  
  50  6:04  Void Ray  
  60  6:05  Warp Gate  
  57  6:26  Probe (Chrono Boost)  
  58  6:37  Photon Cannon, Probe (Chrono Boost)  
  58  6:38  Photon Cannon  
  59  6:41  Pylon  
  59  6:42  Probe (Chrono Boost)  
  59  6:44  Shield Battery  
  59  6:45  Shield Battery  
  60  6:53  Gateway, Probe  
  61  7:05  Probe  
  58  9:32  Nexus  
  58  9:40  Nexus  
  58  9:47  Nexus  
  58  9:51  Nexus  
  58  10:13  Pylon x2  
  58  10:20  Pylon  
  58  10:21  Pylon  
  58  10:24  Probe (Chrono Boost)  
  58  10:27  Pylon  
  59  10:30  Pylon  
  59  10:35  Fleet Beacon, Probe (Chrono Boost)  
  60  10:38  Pylon x2  
  60  10:40  Probe (Chrono Boost)  
  61  11:19  Probe (Chrono Boost)  
  63  11:27  Probe (Chrono Boost)  
  63  11:30  Probe (Chrono Boost)  
  63  11:32  Probe (Chrono Boost)  
  65  11:36  Probe x2 (Chrono Boost)  
  65  11:39  Probe (Chrono Boost)  
  69  11:40  Probe (Chrono Boost)  
  69  11:43  Probe (Chrono Boost)  
  69  11:46  Probe (Chrono Boost)  
  73  11:47  Probe (Chrono Boost)  
  73  11:48  Probe (Chrono Boost)  
  74  11:57  Probe (Chrono Boost)  
  74  11:59  Probe (Chrono Boost)  
  77  12:05  Probe x2 (Chrono Boost)  
  79  12:09  Probe (Chrono Boost)  
  79  12:11  Probe (Chrono Boost)  
  79  12:14  Probe (Chrono Boost)  
  79  12:15  Probe (Chrono Boost)  
  82  12:17  Probe (Chrono Boost)  
  82  12:19  Probe (Chrono Boost)  
  85  12:23  Probe x2 (Chrono Boost)  
  85  12:26  Probe x2 (Chrono Boost)  
  85  12:28  Probe (Chrono Boost)  
  85  12:29  Probe (Chrono Boost)  
  89  12:30  Stargate  
  89  12:31  Stargate  
  89  12:33  Stargate  
  89  12:34  Stargate, Probe  
  89  12:35  Stargate  
  89  12:36  Probe  
  91  12:38  Probe  
  91  12:41  Probe  
  93  12:46  Probe  
  93  12:50  Probe  
  95  13:13  Assimilator  
  95  13:18  Assimilator  
  96  13:34  Assimilator  
  96  13:35  Assimilator  
  96  13:37  Probe (Chrono Boost)  
  96  13:39  Probe (Chrono Boost)  
  99  13:48  Probe (Chrono Boost)  
  99  13:49  Probe (Chrono Boost)  
  99  13:50  Carrier x8  
  99  13:54  Probe  
  147  13:58  Probe  
  149  14:04  Pylon  
  149  14:05  Pylon x3  
  149  14:06  Pylon, Probe  
  149  14:07  Pylon  
  149  14:08  Pylon  
  149  14:09  Pylon x2  
  150  14:10  Probe  
  150  14:11  Pylon  
  150  14:12  Anion Pulse-Crystals  
  151  14:18  Probe  
  151  14:22  Probe  
  153  14:54  Carrier  
  153  14:55  Carrier x7  
  181  15:32  Assimilator  
  181  15:36  Assimilator  
  181  16:10  Carrier  
  181  16:11  Carrier x2  
Show
View Real Time Build Order
Export as new Build Order

A.I. 1 (Medium) Zerg 

Build Orders: 1 Base Baneling Bust, Pool First 

Get SALT Encoding   

  12  0:01  Drone  
  13  0:12  Overlord  
  13  0:17  Drone  
  14  0:30  Drone  
  14  0:33  Drone  
  16  0:42  Spawning Pool  
  15  0:45  Drone  
  15  0:49  Drone  
  17  0:52  Extractor  
  17  0:55  Drone  
  17  1:05  Overlord  
  17  1:30  Queen  
  17  1:31  Zergling x2  
  20  1:37  Roach Warren  
  20  1:38  Drone  
  20  1:39  Extractor  
  19  1:42  Zergling x2  
  20  1:49  Drone  
  21  2:00  Drone  
  22  2:10  Overlord  
  22  2:21  Roach  
  24  2:32  Roach  
  26  2:37  Overlord  
  26  2:44  Roach  
  28  2:48  Drone  
  29  2:53  Drone  
  29  2:55  Roach  
  33  3:05  Drone  
  33  3:09  Drone, Roach  
  33  3:12  Drone  
  37  3:17  Drone  
  38  3:27  Baneling Nest  
  38  3:28  Roach  
  38  3:29  Evolution Chamber  
  38  3:38  Drone  
  38  3:40  Overlord  
  39  3:41  Drone  
  40  3:57  Zergling x2  
  40  4:35  Drone  
  39  4:38  Drone  
  39  4:41  Drone, Zergling x2  
  40  5:20  Lair, Drone  
  40  5:21  Overlord  
  41  5:22  Spore Crawler  
  41  5:23  Drone  
  41  5:24  Spore Crawler  
  41  5:26  Drone  
  41  5:29  Drone  
  42  5:45  Evolution Chamber  
  42  5:46  Drone  
  42  5:53  Spine Crawler  
  42  5:55  Drone  
  42  6:03  Spine Crawler  
  40  6:05  Drone  
  41  6:15  Roach  
  41  6:17  Queen  
  41  6:18  Overseer x2  
  35  6:21  Infestation Pit  
  35  6:23  Hydralisk Den  
  35  6:24  Drone, Spire  
  30  6:27  Drone, Roach  
  33  6:37  Hatchery  
  33  6:38  Roach  
  34  6:46  Drone  
  35  6:49  Zergling x2  
  36  7:01  Roach  
  38  7:12  Infestor  
  40  7:22  Overseer  
  40  7:24  Roach  
  42  7:35  Infestor  
  44  7:46  Hydralisk  
  44  7:50  Drone, Queen  
  49  7:52  Overlord  
  49  7:53  Drone  
  48  8:01  Extractor  
  48  8:03  Zergling x2  
  48  8:04  Drone  
  44  8:07  Drone  
  44  8:08  Overseer  
  44  8:09  Spore Crawler  
  44  8:14  Drone, Hatchery  
  44  8:16  Spore Crawler  
  44  8:19  Overlord  
  41  8:30  Drone  
  34  8:43  Overlord  
  34  8:46  Hatchery  
  33  8:55  Queen  
  35  9:06  Infestation Pit  
  34  9:19  Zergling x2  
  25  9:25  Zergling x2  
  20  9:34  Drone  
  21  9:44  Drone  
  22  9:46  Infestation Pit  
  19  10:09  Spawning Pool  
  18  10:24  Infestor  
  18  10:58  Hatchery  
  15  11:18  Spawning Pool  
  14  12:03  Drone  
  14  12:11  Drone, Queen, Zergling x2  
  14  12:14  Drone  
  17  12:51  Drone  
  17  12:54  Hatchery  
  17  12:59  Drone  
  16  13:07  Drone  
  17  13:13  Drone  
  18  13:30  Queen  
  20  13:48  Roach Warren  
  17  14:30  Roach Warren  
  16  14:37  Roach Warren  
  15  14:41  Hydralisk Den  
  14  14:58  Drone  
  15  15:03  Drone  
  15  15:06  Drone  
  17  15:11  Hydralisk  
  19  15:19  Roach  
  21  15:22  Queen  
  21  15:27  Drone  
  24  15:31  Drone  
  25  15:36  Drone  
  25  15:41  Drone  
  27  15:46  Drone  
  27  15:47  Ravager  
  29  15:51  Roach  
  29  15:56  Drone  
  32  16:00  Drone  
  33  16:07  Overseer, Evolution Chamber  
  33  16:11  Drone  
  33  16:13  Zergling x2  
  33  16:17  Roach  
  36  16:22  Roach  
  38  16:26  Ravager  
  38  16:27  Roach  
  38  16:31  Hydralisk  
  43  16:36  Zergling x2  
  43  16:38  Zergling x2  
  45  16:51  Overlord  
  27  17:04  Drone  
  18  17:10  Drone  
Tags
 
Add a new tag
Caveats
  • Supply blocks, unpowered buildings, or Contaminate may cause inaccurate times.
  • Supply counts are checked every 10 seconds.